 Dungeon Sprint DCSS version 0.24.0-13-gcf9b319 (webtiles) character file.

Game seed: 3653043245655448530, levelgen mode: deterministic

9761 Fang the Fighter (level 11, -8/118 HPs)
             Began as a Gargoyle Berserker on Dec 10, 2019.
             Was the Champion of Trog.
             Killed from afar by a purple draconian (37 damage)
             ... with a bolt of dispelling energy
             ... in the Dungeon (Sprint V: "Ziggurat Sprint").
             The game lasted 00:03:01 (1220 turns).

Fang the Fighter (Gargoyle Berserker)               Turns: 1220, Time: 00:03:01

Health: -8/118     AC: 43    Str: 35    XL:     11   Next: 51%
Magic:  11/11      EV:  9    Int:  8    God:    Trog [******]
Gold:   0          SH: 33    Dex: 12    Spells: 10/10 levels left

rFire    . . .     SeeInvis .   a - +5 broad axe
rCold    + . .     Gourm    .   E - +18 shield of the Gong {rElec rN+ MR+ EV-5}
rNeg     + + +     Faith    .   b - +15 Maxwell's patent armour {-Cast -Tele rElec MR+ rCorr}
rPois    ∞         Spirit   .   A - +1 hat of Bakitist {rPois rC+ rN+ rCorr}
rElec    +         Reflect  .   z - +0 cloak {MR+}
rCorr    +         Harm     .   o - +0 pair of gloves {Dex+3}
MR       +++++     NoTele   +   (no boots) Stlth ..........NoCast +
                                (no amulet)
HPRegen  1.29/turn              D - +6 ring of strength
MPRegen  0.12/turn              y - ring of Shadows {Umbra +Inv Stlth+}

@: berserking, regenerating, wreathed by umbra, very quick
A: negative energy resistance 1, electricity resistance, unbreathing,
petrification resistance, rot immunity, AC +8
a: Berserk, Trog's Hand, Brothers in Arms, Renounce Religion, Evoke Invisibility


You were in the Dungeon.
You worshipped Trog.
Trog was exalted by your worship.
You were near starving.

You visited 1 branch

Inventory:

Hand Weapons
 a - a +5 broad axe (weapon)
Armour
 b - the +15 Maxwell's patent armour (worn) {-Cast -Tele rElec MR+ rCorr}
   (You found it in the Dungeon)

   It insulates you from electricity.
   It affects your resistance to hostile enchantments.
   It prevents spellcasting.
   It prevents most forms of teleportation.
   It provides partial protection from all sources of acid and corrosion.
 g - a scarf of spirit shield
 o - a +0 pair of gloves of dexterity (worn)
 z - a +0 cloak of magic resistance (worn)
 A - the +1 hat of Bakitist (worn) {rPois rC+ rN+ rCorr}
   (You found it in the Dungeon)

   It protects you from cold.
   It protects you from poison.
   It protects you from negative energy.
   It provides partial protection from all sources of acid and corrosion.
 E - the +18 shield of the Gong (worn) {rElec rN+ MR+ EV-5}
   (You found it in the Dungeon)

   It affects your evasion (-5).
   It insulates you from electricity.
   It protects you from negative energy.
   It affects your resistance to hostile enchantments.
Jewellery
 x - a +3 amulet of reflection
 y - the ring of Shadows (right hand) {Umbra +Inv Stlth+}
   (You found it in the Dungeon)

   [ring of stealth]

   It lets you turn invisible.
   It makes you more stealthy.
 D - a +6 ring of strength (left hand)
Wands
 u - a wand of disintegration (7)
 v - a wand of iceblast (7)
 w - a wand of acid (7)
Scrolls
 i - 4 scrolls of blinking
 j - 7 scrolls of fog
 k - a scroll of holy word
 l - 5 scrolls of identify
 m - 5 scrolls of remove curse
 n - 2 scrolls of fear
Potions
 d - 10 potions of curing
 e - 10 potions of heal wounds
 f - 10 potions of haste
 h - 3 potions of berserk rage
 p - 2 potions of invisibility
 q - 4 potions of resistance
 r - a potion of experience
 s - 5 potions of agility
 t - 5 potions of might
Comestibles
 c - 8 rations


   Skills:
 + Level 13.7 Fighting
 + Level 11.8 Axes
 + Level 13.6 Armour
 + Level 10.8 Dodging
 + Level 2.2 Stealth
 + Level 13.4 Shields


You had 10 spell levels left.
You didn't know any spells.
Your spell library was empty.

Dungeon Overview and Level Annotations

Branches:
Dungeon (1/1)

Altars:
Ashenzari
Cheibriados
Dithmenos
Elyvilon
Fedhas
Gozag
Hepliaklqana
Kikubaaqudgha
Makhleb
Nemelex Xobeh
Okawaru
Qazlal
Ru
Sif Muna
Trog
Uskayaw
Vehumet
Wu Jian
Xom
Yredelemnul
Zin
The Shining One
Beogh
Jiyva
Lugonu

Annotations:
D 1 transporter


Innate Abilities, Weirdness & Mutations

You are resistant to torment.
Your stone body is resilient. (AC +8)
You are immune to poison.
You resist negative energy. (rN+)
You are resistant to electric shocks. (rElec)
You can survive without breathing.
You are immune to petrification.
You are immune to rotting.


Message History

You miss something. You slash the red draconian!
You slice the purple draconian!! You block the Orb Guardian's attack.
PANG!
You block the black draconian's attack.
SHROANNG!
The red draconian breathes flames at you.
The searing blast hits you but does no damage.
The searing blast hits something!!
The black draconian hits you but does no damage.
The Orb Guardian hits you but does no damage.
Something hits you but does no damage.
Something tail-slaps you but does no damage.
You slice something!! You slice the black draconian!!
You closely miss the Orb Guardian. You slash the purple draconian!
You slice the red draconian!! You closely miss the storm dragon.
You block the Orb Guardian's attack.
SHROANNG!
The purple draconian breathes dispelling energy at you.
The bolt of dispelling energy hits you!!!
You die...

▓▓▓▓▓▓▓▓▓▓▓▓▓▓▓▓▓▓▓
▓...8©8...▓...8©8...▓
▓..".|}|..▓..:.:.:..▓
▓..))}|:..▓...[".)..▓
▓.........▓.........▓
▓.........▓.........▓
▓....Dd...▓.........▓
▓...dXd...▓...†.....▓
▓..dd@{§..▓.▓..)..▓.▓
▓...D°....▓....©....▓
▓....©....▓▓▓▓▓▓▓▓▓▓▓
▓▓▓▓▓▓▓▓▓▓▓


You could see 2 storm dragons, 2 draconians, a yellow draconian (berserk), a
purple draconian, a red draconian and an Orb Guardian (berserk).

Vanquished Creatures
  A tentacled starspawn (D)
  A green draconian (D)
  A purple draconian (D)
  A red draconian (D)
  3 draconians (D)
  A moth of wrath (D)
  2 deep elf magi (D)
  A black mamba (D)
  2 naga magi (D)
  A smoke demon (D)
  4 air elementals (D)
  A water moccasin (D)
  2 hell hounds (D)
  A porcupine (D)
  4 phantoms (D)
  An orc warrior (D)
  A necrophage (D)
  A wolf (D)
  A bullfrog (D)
  2 orc priests (D)
  3 orc wizards (D)
  An adder (D)
  A river rat (D)
  A white imp (D)
  An ufetubus (D)
  2 adder zombies (D)
  5 orcs (D)
  2 bat skeletons (D)
  A ball python (D)
  A quokka skeleton (D)
  A fire vortex (D)
  A starspawn tentacle (D)
52 creatures vanquished.

Vanquished Creatures (others)
  2 wind drakes (D)
  2 insubstantial wisps (D)
  A starspawn tentacle (D)
5 creatures vanquished.

Grand Total: 57 creatures vanquished

Notes
Turn   | Place    | Note
-------+----------+-------------------------------------------
     0 | D        | Fang the Gargoyle Berserker began the quest for the Orb.
     0 | D        | Reached XP level 1. HP: 14/14 MP: 1/1
     1 | D        | Found a blossoming altar of Fedhas.
     2 | D        | Found the +6 Majin-Bo {vamp, Archmagi MP+6 Int+6}
     2 | D        | Found the +7 great mace "Firestarter" {inner flame, rF++}
     3 | D        | Found a viscous altar of Jiyva.
     3 | D        | Found a hazy altar of Hepliaklqana.
     3 | D        | Found a transporter.
     3 | D        | Found an opulent altar of Gozag.
     3 | D        | Found an ancient bone altar of Kikubaaqudgha.
     3 | D        | Found a corrupted altar of Lugonu.
    17 | D        | Found a burning altar of Makhleb.
    19 | D        | Found a stormy altar of Qazlal.
    19 | D        | Found an iron altar of Okawaru.
    19 | D        | Found a sacrificial altar of Ru.
    19 | D        | Found a sparkling altar of Nemelex Xobeh.
    19 | D        | Found a shimmering blue altar of Sif Muna.
    19 | D        | Found a bloodstained altar of Trog.
    27 | D        | Found the +6 shillelagh "Devastator" {shatter}
    27 | D        | Found the +11 plutonium sword {*Contam Stlth-}
    27 | D        | Found the +8 lance "Wyrmbane" {slay drac, rPois rF+ rC+
                  | AC+3}
    27 | D        | Found the +9 sword of Zonguldrok {reap}
    27 | D        | Found the cursed +13 scythe of Curses {drain, *Curse}
    27 | D        | Found the +0 sword of Power
    27 | D        | Found the +7 mace of Variability {chain chaos}
    27 | D        | Found the +7 Singing Sword {slice, sonic wave}
    27 | D        | Found the +8 storm bow {elec, penet}
    28 | D        | Found the +9 heavy crossbow "Sniper" {velocity, Acc+∞ SInv}
    28 | D        | Found the +10 dark maul {crush}
    28 | D        | Found the +15 Maxwell's patent armour {-Cast -Tele rElec
                  | MR+ rCorr}
    28 | D        | Found the +18 shield of the Gong {rElec rN+ MR+ EV-5}
    28 | D        | Found the cursed +14 obsidian axe {chop, +Fly SInv *Curse}
    83 | D        | Entered arena 2.
    83 | D        | Noticed a deep elf mage
    83 | D        | Noticed a deep elf mage
    83 | D        | Found a transporter.
    88 | D        | Killed a deep elf mage
    88 | D        | Reached skill level 5 in Dodging
    88 | D        | Reached XP level 2. HP: 19/24 MP: 2/2
    88 | D        | Reached XP level 3. HP: 22/28 MP: 3/3
    88 | D        | Reached XP level 4. HP: 27/34 MP: 4/4
    88 | D        | Reached XP level 5. HP: 30/38 MP: 5/5
    88 | D        | Reached XP level 6. HP: 35/44 MP: 6/6
    91 | D        | Killed a deep elf mage
    91 | D        | Reached ** piety under Trog
    91 | D        | Reached XP level 7. HP: 35/50 MP: 7/7
   246 | D        | Entered arena 3.
   246 | D        | Found a transporter.
   251 | D        | Reached XP level 8. HP: 56/56 MP: 8/8
   252 | D        | Reached *** piety under Trog
   307 | D        | Entered arena 4.
   307 | D        | Found a transporter.
   387 | D        | Entered arena 5.
   387 | D        | Found a transporter.
   388 | D        | Found the ring of Shadows {Umbra +Inv Stlth+}
   390 | D        | Reached **** piety under Trog
   418 | D        | Entered arena 6.
   418 | D        | Noticed a tentacled starspawn
   418 | D        | Noticed a smoke demon
   418 | D        | Found a transporter.
   422 | D        | Reached ***** piety under Trog
   426 | D        | Killed a tentacled starspawn
   426 | D        | Reached skill level 10 in Shields
   426 | D        | Reached XP level 9. HP: 64/64 MP: 5/9
   427 | D        | Killed a smoke demon
   547 | D        | Entered arena 7.
   547 | D        | Noticed a naga mage
   547 | D        | Noticed a naga mage
   547 | D        | Noticed a black mamba
   548 | D        | Found a transporter.
   553 | D        | Killed a black mamba
   553 | D        | Reached XP level 10. HP: 58/70 MP: 8/10
   561 | D        | Reached skill level 10 in Axes
   565 | D        | Killed a naga mage
   579 | D        | Killed a naga mage
   579 | D        | Reached ****** piety under Trog
   588 | D        | Got the +1 hat of Bakitist {rPois rC+ rN+ rCorr}
   743 | D        | Entered arena 8.
   743 | D        | Noticed a purple draconian
   743 | D        | Noticed a green draconian
   743 | D        | Noticed a draconian
   743 | D        | Noticed a red draconian
   743 | D        | Noticed a draconian
   743 | D        | Noticed a draconian
   744 | D        | Found a transporter.
   758 | D        | Killed a purple draconian
   759 | D        | Killed a green draconian
   762 | D        | Killed a red draconian
   762 | D        | Reached skill level 10 in Dodging
   762 | D        | Reached XP level 11. HP: 60/78 MP: 5/11
   766 | D        | Killed a draconian
   766 | D        | Received a gift from Trog
   768 | D        | Killed a draconian
   773 | D        | Killed a draconian
   923 | D        | Entered arena 9.
   924 | D        | Found a transporter.
   932 | D        | Received a gift from Trog
  1007 | D        | Entered arena 10.
  1008 | D        | Found a transporter.
  1149 | D        | Entered arena 11.
  1150 | D        | Found a transporter.
  1154 | D        | Received a gift from Trog
  1163 | D        | Reached skill level 1 in Stealth
  1208 | D        | Entered arena 12.
  1208 | D        | Noticed a purple draconian
  1208 | D        | Noticed a red draconian
  1208 | D        | Noticed a black draconian
  1208 | D        | Noticed a green draconian knight
  1208 | D        | Noticed a moth of wrath
  1209 | D        | Noticed a storm dragon
  1209 | D        | Noticed a yellow draconian
  1209 | D        | Noticed a black draconian
  1209 | D        | Noticed an Orb Guardian
  1210 | D        | Noticed a storm dragon
  1212 | D        | Found a transporter.
  1216 | D        | Killed a moth of wrath
  1216 | D        | Received a gift from Trog
  1220 | D        | Killed from afar by a purple draconian

Levels and vault maps discovered:
D:        sprint_v [room_start, room_1, room_2, room_3, room_4, room_5, room_6,
          room_7, room_8, room_9, room_10, room_11, room_12, room_13, room_14,
          room_15, room_16, room_17, room_18, room_19, room_20, room_21,
          room_22, room_23, room_24, room_25, room_26, room_27]

Skill      XL: |  1  2  3  4  5  6  7  8  9 10 11 |
---------------+----------------------------------+-----
Fighting       | 7 8 9 11 13 | 13.7
Axes           | 6 7 9 11 | 11.8
Armour         | 6 8 11 12 13 | 13.6
Dodging        | 5 6 8 10 | 10.8
Shields        | 6 8 10 11 12 13 | 13.4
Stealth        | 2 |  2.2

Action                   |  1- 3 |  4- 6 |  7- 9 | 10-12 || total
-------------------------+-------+-------+-------+-------++-------
Melee: Broad axe         |     3 |     3 |    30 |   104 ||   140
Invok: Berserk           |     1 |       |     2 |     3 ||     6
       Trog's Hand       |       |       |       |     1 ||     1
  Use: Scroll            |       |       |     1 |       ||     1
  Eat: Chunk             |       |       |     2 |     4 ||     6
Armor: Plate armour      |     3 |       |    24 |    67 ||    94
Dodge: Dodged            |       |       |     7 |    18 ||    25
Block: Shield            |     4 |     1 |    54 |   178 ||   237
